 Dungeon Crawl Stone Soup version 0.27.1-1-g398f81649c (webtiles) character file.

Game seed: 16872348232867396243

259 eagelman13509 the Skirmisher (level 6, 0/75 HPs)
             Began as a Gnoll Wanderer on Sept 16, 2021.
             Was an Initiate of Ashenzari.
             Slain by a white imp (5 damage)
             ... summoned by Eustachio
             ... on level 4 of the Dungeon on Sept 17, 2021.
             The game lasted 00:29:03 (3347 turns).

eagelman13509 the Skirmisher (Gnoll Wanderer)       Turns: 3347, Time: 00:29:03

Health: 0/75       AC: 23    Str: 11    XL:     6   Next: 17%
Magic:  11/11      EV:  2    Int: 13    God:    Ashenzari [......]
Gold:   193        SH:  0    Dex: 12    Spells: 11/11 levels left

rFire    . . .     SeeInvis .   d - +1 mace (vorpal)
rCold    . . .     Faith    .   (no shield)
rNeg     + + +     Spirit   .   (armour currently unavailable)
rPois    +         Reflect  .   (helmet currently unavailable)
rElec    .         Harm     .   (cloak currently unavailable)
rCorr    .         Rampage  .   (gloves currently unavailable)
Will     .....     NoTele   +   (boots currently unavailable)
Stlth    +++.......             (no amulet)
HPRegen  0.22/turn              (no ring)
MPRegen  0.12/turn              (no ring)

@: tree-form, very slow
A: stationary, stasis, torment immunity, boosted hp, (fangs 1), strong nose,
distributed training
a: Renounce Religion, Curse Item, Shatter the Chains


You were on level 4 of the Dungeon.
You worshipped Ashenzari.
Ashenzari was noncommittal.
You were a tree.
You visited 1 branch of the dungeon, and saw 4 of its levels.

You collected 193 gold pieces.

Inventory:

Hand Weapons
 a - a +2 quarterstaff
 d - a +1 vorpal mace (weapon)
Missiles
 f - 129 stones (quivered)
 g - 15 boomerangs
 n - 6 atropa-tipped darts
Armour
 h - the cursed +2 helmet of Supernal Understanding (melded) {Int+3, Fort, Bglg}
   (You acquired it on level 1 of the Dungeon)

   It has a curse which improves the following skills: Fortitude: Armour and
   Shields.
   Beguiling: Conjurations, Hexes and Translocations.
 i - a +3 leather armour (melded)
 o - a +0 buckler
Jewellery
 k - a ring of ice
Wands
 l - a wand of paralysis (3)
Scrolls
 c - a scroll of blinking
 e - a scroll of magic mapping
Potions
 b - a potion of lignification
 j - a potion of brilliance
 m - a potion of invisibility


   Skills:
 + Level 4.9 Fighting
 + Level 1.8 Short Blades
 + Level 1.8 Long Blades
 + Level 1.8 Axes
 + Level 1.8 Maces & Flails
 + Level 1.8 Polearms
 + Level 3.1 Staves
 + Level 1.8 Slings
 + Level 1.8 Bows
 + Level 1.8 Crossbows
 + Level 3.1 Throwing
 + Level 1.8 Armour
 + Level 1.8 Dodging
 + Level 4.5 Stealth
 + Level 1.8 Shields
 + Level 1.8 Unarmed Combat
 + Level 3.3 Spellcasting
 + Level 1.4 Conjurations
 + Level 1.4 Hexes
 + Level 1.4 Summonings
 + Level 1.4 Necromancy
 + Level 2.5 Translocations
 + Level 1.4 Transmutations
 + Level 1.4 Fire Magic
 + Level 1.4 Ice Magic
 + Level 2.5 Air Magic
 + Level 1.4 Earth Magic
 + Level 1.4 Poison Magic
 + Level 2.0 Invocations
 + Level 3.1 Evocations


You had 11 spell levels left.
You didn't know any spells.
Your spell library contained the following spells:

 Spells                   Type           Power      Damage    Failure   Level
 Iskenderun's Battlesphe  Conj           5%         2d6       98%         5
 Iron Shot                Conj/Erth      2%         9d2       100%        6
 Spellforged Servitor     Conj/Summ      2%         N/A       100%        7


Dungeon Overview and Level Annotations

Branches:
Dungeon (4/15)
 Temple: D:4-7

Altars:
Ashenzari

Annotations:
D:4 Eustachio


Innate Abilities, Weirdness & Mutations

You are a tree.
Your roots penetrate the ground, keeping you stationary.
You cannot be teleported.
You are immune to unholy pain and torment.
Your maximum health is greatly increased.
Your equipment is partially melded.
((You have very sharp teeth.))
Your uncanny sense of smell can sniff out nearby items.
Your experience applies equally to all skills.


Message History

The bat hits you but does no damage. x2
The quokka splashes around in the water.
The rat splashes around in the water.
The orc splashes around in the water.
Eustachio gestures wildly while chanting.
Eustachio blinks!
The quokka bites you but does no damage.
The white imp picks up a beetle and eats it.
The white imp gestures at you. The puff of frost hits you.
* * * LOW HITPOINT WARNING * * *
The shadow imp splashes around in the water.
The rat splashes around in the water.
The orc hits you with a +0 short sword.
* * * LOW HITPOINT WARNING * * *
You barely miss the shadow imp.
The shadow imp is heavily wounded.
The shadow imp disappears in a puff of smoke!
The bat hits you but does no damage.
The quokka bites you but does no damage.
The white imp gestures at you.
The puff of frost hits you but does no damage.
The rat splashes around in the water.
The orc hits you with a +0 short sword.
* * * LOW HITPOINT WARNING * * *
You hit the white imp.
The white imp is moderately wounded.
The bat barely misses you. The bat hits you but does no damage.
The quokka barely misses you. The bat hits you but does no damage.
The white imp gestures at you.
The puff of frost hits you but does no damage.
The rat bites you but does no damage. The orc hits you with a +0 short sword.
* * * LOW HITPOINT WARNING * * *
The quokka bites you but does no damage.
You barely miss the white imp.
The white imp is moderately wounded.
The bat hits you but does no damage. The white imp completely misses you.
The quokka bites you but does no damage.
The rat bites you but does no damage.
The orc splashes around in the water.
The white imp hits you.
* * * LOW HITPOINT WARNING * * *
The white imp freezes you.
You die... #.. #..... #.... #.... #... #ooo

###o### #≈o5r≈#
∆#5≈♣b≈# #≈r≈≈≈#
#≈≈≈≈≈#
###'#######
#.......# ∆
##.####.#
#.#...<#######
####.#..........#
#....#).........#


You could see a quasit (summoned), a white imp (summoned), 5 orcs, a quokka
(summoned), a bat (summoned) and a rat (summoned).

Vanquished Creatures
  An ogre (D:4)
  2 orc priests (D:3)
  A hound skeleton (D:4)
  2 adders (D:2)
  An ufetubus (D:4)
  A worm (D:2)
  12 orcs
  5 endoplasms
  2 giant cockroaches
  5 goblins
  8 hobgoblins
  3 jackals (D:2)
  5 kobolds
  2 quokkas (D:1)
  4 ball pythons
  5 bats
  3 frilled lizards
  3 rats
65 creatures vanquished.

Notes
Turn   | Place    | Note
-------+----------+-------------------------------------------
     0 | D:1      | eagelman13509 the Gnoll Wanderer began the quest for the
                  | Orb.
     0 | D:1      | eagelman13509 set off with the following items: a +2
                  | quarterstaff, 2 potions of lignification, a +0 robe, a +0
                  | dagger
     0 | D:1      | Reached XP level 1. HP: 20/20 MP: 4/4
   257 | D:1      | Reached XP level 2. HP: 26/26 MP: 5/5
   284 | D:1      | Found a faded altar of an unknown god.
   294 | D:1      | Became a worshipper of Ashenzari the Shackled
   298 | D:1      | Identified a scroll of acquirement
   307 | D:1      | Acquired a +2 helmet of intelligence
   559 | D:1      | Reached XP level 3. HP: 30/31 MP: 7/7
   873 | D:2      | Reached skill level 1 in Invocations
  1123 | D:2      | Reached skill level 1 in Short Blades
  1123 | D:2      | Reached skill level 1 in Long Blades
  1123 | D:2      | Reached skill level 1 in Axes
  1123 | D:2      | Reached skill level 1 in Maces & Flails
  1123 | D:2      | Reached skill level 1 in Polearms
  1123 | D:2      | Reached skill level 1 in Slings
  1123 | D:2      | Reached skill level 1 in Bows
  1123 | D:2      | Reached skill level 1 in Crossbows
  1123 | D:2      | Reached skill level 1 in Armour
  1123 | D:2      | Reached skill level 1 in Dodging
  1123 | D:2      | Reached skill level 1 in Shields
  1123 | D:2      | Reached skill level 1 in Unarmed Combat
  1322 | D:2      | Reached XP level 4. HP: 31/38 MP: 8/8
  2267 | D:3      | Reached skill level 1 in Conjurations
  2267 | D:3      | Reached skill level 1 in Hexes
  2267 | D:3      | Reached skill level 1 in Summonings
  2267 | D:3      | Reached skill level 1 in Necromancy
  2267 | D:3      | Reached skill level 1 in Transmutations
  2267 | D:3      | Reached skill level 1 in Fire Magic
  2267 | D:3      | Reached skill level 1 in Ice Magic
  2267 | D:3      | Reached skill level 1 in Earth Magic
  2267 | D:3      | Reached skill level 1 in Poison Magic
  2280 | D:3      | Reached XP level 5. HP: 16/43 MP: 9/9
  3106 | D:4      | Noticed an ogre
  3120 | D:4      | Killed an ogre
  3121 | D:4      | Reached XP level 6. HP: 50/50 MP: 9/11
  3316 | D:4      | Noticed Eustachio
  3347 | D:4      | Slain by a white imp

Illustrated notes

Levels and vault maps discovered:
D:1:      grunt_arrival_lava_bath, layout_basic, ebering_ecumenical_altar_box
D:2:      layout_basic
D:3:      layout_basic
D:4:      layout_basic, minmay_temple_entry_waves,
          hangedman_decor_clover_reticule, chequers_serial_rivers_room_b,
          st_stairs_1, uniq_eustachio, uniq_pikel

Skill      XL: |  1  2  3  4  5 |
---------------+----------------+-----
Translocations | 2 |  2.5
Air Magic      | 2 |  2.5
Invocations    | 1 2 |  2.0
Short Blades   | 1 |  1.8
Long Blades    | 1 |  1.8
Axes           | 1 |  1.8
Maces & Flails | 1 |  1.8
Polearms       | 1 |  1.8
Slings         | 1 |  1.8
Bows           | 1 |  1.8
Crossbows      | 1 |  1.8
Armour         | 1 |  1.8
Dodging        | 1 |  1.8
Shields        | 1 |  1.8
Unarmed Combat | 1 |  1.8
Spellcasting   | 3 |  3.3
Conjurations   | 1 |  1.4
Hexes          | 1 |  1.4
Summonings     | 1 |  1.4
Necromancy     | 1 |  1.4
Transmutations | 1 |  1.4
Fire Magic     | 1 |  1.4
Ice Magic      | 1 |  1.4
Earth Magic    | 1 |  1.4
Poison Magic   | 1 |  1.4
Staves         | 3 |  3.1
Throwing       | 3 |  3.1
Evocations     | 3 |  3.1
Fighting       | |  4.9
Stealth        | |  4.5

Action                   |  1- 3 |  4- 6 || total
-------------------------+-------+-------++-------
Melee: Quarterstaff      |    70 |    98 ||   168
       Bite              |     2 |     4 ||     6
       Mace              |       |    34 ||    34
Throw: Stone             |       |    12 ||    12
       Dart              |       |     2 ||     2
Invok: Curse Item        |       |     1 ||     1
  Use: Scroll            |     1 |     1 ||     2
       Potion            |       |     1 ||     1
 Stab: Sleeping          |     9 |     3 ||    12
Armor: Robe              |    15 |     4 ||    19
       Leather armour    |       |    48 ||    48
       Skin              |       |    46 ||    46
Dodge: Dodged            |    29 |    98 ||   127
